 Dungeon Crawl Stone Soup version 0.32-a0-732-ga344392067 (webtiles) character file.

Game seed: 6132224242041264636

14777 gimp the Skirmisher (level 12, -1/95 HPs)
             Began as a Coglin Hunter on Mar 16, 2024.
             Was an Elder of Okawaru.
             Slain by a warg (4 damage)
             ... on level 9 of the Dungeon.
             The game lasted 00:23:49 (12391 turns).

gimp the Skirmisher (Coglin Hunter)                Turns: 12391, Time: 00:23:50

Health: -1/95      AC: 12    Str: 12    XL:     12   Next: 20%
Magic:  15/15      EV: 13    Int:  8    God:    Okawaru [****..]
Gold:   1248       SH:  0    Dex: 23    Spells: 11/11 levels left

rFire   . . .        h - +5 sling (elec) {Eunkyung}
rCold   . . .        a - +2 sling {Chaewon}
rNeg    . . .        u - +3 ring mail
rPois   .            j - +0 helmet
rElec   .            s - +0 cloak
rCorr   .            F - +1 pair of gloves
SInv    .            (no boots)
Will    .....        (amulet unavailable)
Stlth   +            (ring unavailable)
HPRegen 0.35/turn    (ring unavailable)
MPRegen 0.14/turn    (no gizmo)

%: no passive effects
@: studying Fighting, revved
A: off-hand wielding, slow wielding, warmup strikes, no jewellery
a: Invent Gizmo, Renounce Religion, Heroism, Finesse


You were on level 9 of the Dungeon.
You worshipped Okawaru.
Okawaru was greatly pleased with you.
You visited 3 branches of the dungeon, and saw 13 of its levels.

You collected 1469 gold pieces.
You spent 221 gold pieces at shops.

Inventory:

Hand Weapons
 a - a +2 sling (offhand) {Chaewon}
 d - a +0 sling {Kulveer}
 h - a +5 sling of electrocution (weapon) {Eunkyung}
Missiles
 k - a throwing net
 y - 5 curare-tipped darts
Armour
 j - a +0 helmet (worn)
 s - a +0 cloak (worn)
 u - a +3 ring mail (worn)
 F - a +1 pair of gloves (worn)
 G - +0 steam dragon scales
Wands
 w - a wand of mindburst (7)
 x - a wand of flame (10)
 E - a wand of paralysis (1)
Scrolls
 c - a scroll of enchant armour
 f - a scroll of fear
 g - 2 scrolls of vulnerability
 m - 11 scrolls of teleportation
 o - 2 scrolls of brand weapon
 q - 2 scrolls of enchant weapon
 r - a scroll of poison
 t - a scroll of torment
 B - a scroll of fog
Potions
 e - a potion of mutation
 i - 3 potions of magic
 l - a potion of enlightenment {unknown}
 n - a potion of invisibility {unknown}
 p - 2 potions of lignification {unknown}
 v - 2 potions of ambrosia
 z - a potion of might {unknown}
 C - a potion of degeneration {unknown}


   Skills:
 + Level 9.3 Fighting
 - Level 14.8 Ranged Weapons
 + Level 6.4 Dodging
 - Level 0.7 Stealth
 + Level 5.1 Invocations


You had 11 spell levels left.
You didn't know any spells.
Your spell library contained the following spells:

 Spells                   Type           Power      Damage    Failure   Level
 Freeze                   Ice            0%         1d3       69%         1
 Cigotuvi's Dreadful Rot  Necr/Alch/Air  0%         N/A       83%         2
 Frozen Ramparts          Ice            0%         1d1       96%         3
 Hailstorm                Conj/Ice       0%         3d5       96%         3
 Sigil of Binding         Hex            0%         N/A       96%         3
 Dimensional Bullseye     Hex/Tloc       0%         N/A       100%        4
 Dispel Undead            Necr           0%         3d6       100%        4
 Call Canine Familiar     Summ           Unusable   N/A       N/A         3
 Martyr's Knell           Necr/Summ      Unusable   N/A       N/A         4

Dungeon Overview and Level Annotations

Branches:
Dungeon (11/15)            Temple (1/1) D:7            Lair (0/5) D:9
    Orc (1/2) D:9

Altars:
Ashenzari
Cheibriados
Dithmenos
Elyvilon
Fedhas
Gozag
Hepliaklqana
Kikubaaqudgha
Makhleb
Nemelex Xobeh
Okawaru
Qazlal
Ru
Sif Muna
Trog
Uskayaw
Vehumet
Wu Jian
Xom
Yredelemnul
Zin
The Shining One

Shops:
D:1 :   D:5 (*:*   D:9 *

Annotations:
D:2 Sigmund
D:9 1 transporter, Gastronok; pokeman's ghost, novice DEHW


Innate Abilities, Weirdness & Mutations

You can wield a second weapon in your off-hand.
It takes a long time for you to wield or remove held weapons.
Your first few attacks do less damage.
You cannot equip rings or amulets.


Message History

You shoot a sling bullet. The sling bullet hits the warg!
The warg is moderately wounded.
You shoot a sling bullet.
The sling bullet hits the warg but does no damage.
The warg is moderately wounded.
The warg bites you!
The orc warrior hits you but does no damage.
You are poisoned.
You take 11 damage, and have 57/95 hp.
You shoot a sling bullet.
The sling bullet closely misses the warg.
You shoot a sling bullet. The sling bullet hits the warg!
The warg is almost dead.
You feel sick. The warg completely misses you.
You take 2 damage, and have 55/95 hp.
You shoot a sling bullet.
The sling bullet hits the warg but does no damage.
The warg is almost dead.
You shoot a sling bullet.
The sling bullet hits the warg but does no damage.
The warg is almost dead.
You feel sick. The warg bites you!
The orc warrior hits you with a +2 long sword of venom!
You are more poisoned.
The warg bites you but does no damage.
You take 24 damage, and have 31/95 hp.
MASSIVE DAMAGE!!
You are too injured to fight recklessly!
You are too injured to fight recklessly!
Press: ? - help, v - describe, . - travel, g - get item
Here: an orc warrior, wielding a +2 long sword of venom and wearing a +0 chain mail
Items here: a +0 giant club; a +0 giant spiked club.
The floor, spattered with blood.
Aiming: Paralyse
Press: ? - help, Shift-Dir - straight line, f - orc warrior, p - warg
Aim: an orc warrior, wielding a +2 long sword of venom and wearing a +0 chain mail (chance to affect: 49%)
The orc warrior resists with some effort.
You feel very sick.
The orc warrior hits you with a +2 long sword of venom!
* * * LOW HITPOINT WARNING * * *
The warg closely misses you.
You take 10 damage, and have 21/95 hp.
Aiming: Paralyse
Press: ? - help, Shift-Dir - straight line, f/p - orc warrior
Aim: an orc warrior, wielding a +2 long sword of venom and wearing a +0 chain mail (chance to affect: 49%)
The orc warrior suddenly stops moving!
You feel very sick. The warg bites you!
* * * LOW HITPOINT WARNING * * *
The warg bites you but does no damage.
You take 14 damage, and have 7/95 hp.
You feel better. The warg bites you but does no damage.
You regained 7 hp, and now have 14/95 hp.
You shoot a sling bullet. The sling bullet hits the orc warrior.
The orc warrior is lightly wounded.
You shoot a sling bullet.
The sling bullet hits the orc warrior but does no damage.
Lightning courses through the orc warrior!
The orc warrior is heavily wounded.
The warg misses you.
You shoot a sling bullet. The sling bullet hits the orc warrior.
The orc warrior is severely wounded.
You shoot a sling bullet. The sling bullet hits the orc warrior.
The orc warrior is severely wounded.
The warg bites you.
* * * LOW HITPOINT WARNING * * *
The warg bites you.
* * * LOW HITPOINT WARNING * * *
You take 6 damage, and have 9/95 hp.
You shoot a sling bullet. The sling bullet hits the orc warrior!
You kill the orc warrior!
Okawaru accepts your kill.
You shoot a sling bullet. The warg closely misses you.
You shoot a sling bullet.
The sling bullet barely misses the warg.
You shoot a sling bullet. The sling bullet hits the warg.
The warg is almost dead.
The warg bites you.
* * * LOW HITPOINT WARNING * * *
You take 2 damage, and have 7/95 hp.
You feel better. The warg barely misses you. The warg bites you!
* * * LOW HITPOINT WARNING * * *
You take 5 damage, and have 2/95 hp.
Okay, then.
You shoot a sling bullet.
The sling bullet barely misses the warg.
You shoot a sling bullet.
The sling bullet closely misses the warg.
The warg closely misses you.
You shoot a sling bullet.
The sling bullet closely misses the warg.
You shoot a sling bullet.
The sling bullet barely misses the warg.
The warg closely misses you.
You shoot a sling bullet. The sling bullet hits the warg.
The warg is almost dead.
You shoot a sling bullet.
The sling bullet hits the warg but does no damage.
The warg is almost dead.
The warg bites you.
You die...

.####.#.##......# #...#
##....#.##......# #...#
##.####)#######.## #...#
...#
#).#######..######...#
####
#>###................#
######[#
#................#
.##....#
#..............###
.......###.....[[h......#
.###...........)@)......#
.#?#..####......[)......#
.###..# #.........[....#
......####..............#
###.....##..............#
#.....##########.)....#
#...### ### ##)#####
##.#.# #.# #.[# #...##
##.## ##..#


You could see a warg.

Vanquished Creatures
  Erica (D:10)
  4 two-headed ogres
  Pikel (D:5)
  An orc sorcerer (D:9)
  Maurice (D:7)
  A gargoyle (D:11)
  Maggie (D:9)
  4 kobold demonologists
  A rime drake (D:9)
  Psyche (D:10)
  2 hornets
  A vampire (D:10)
  A shadow (D:9)
  2 wyverns
  A wraith (D:10)
  8 yaks (D:10)
  A steam dragon (D:10)
  An acid dragon (D:9)
  A water moccasin (D:7)
  7 ice beasts
  9 orc warriors
  A black bear (D:7)
  3 ogres
  A sky beast (D:7)
  A wolf (D:9)
  14 centaurs
  3 lemures (D:5)
  A phantom (D:5)
  7 kobold brigands
  2 gnoll sergeants
  2 bullfrogs
  4 scorpions
  12 wights (D:9)
  3 killer bees (D:8)
  3 howler monkeys
  3 hounds
  A jelly (D:5)
  6 orc priests
  A gnoll bouda (D:6)
  A sleepcap (D:6)
  2 iguanas (D:6)
  6 orc wizards
  13 gnolls
  6 adders
  2 ufetubi (D:5)
  3 dart slugs
  4 ribbon worms
  47 orcs
  4 endoplasms (D:2)
  4 giant cockroaches
  9 goblins
  8 hobgoblins
  4 quokkas
  A ball python (D:3)
  6 bats
  2 frilled lizards (D:3)
  25 kobolds
  2 rats (D:2)
267 creatures vanquished.

Notes
Turn   | Place    | Note
-------+----------+-------------------------------------------
     0 | D:1      | gimp the Coglin Hunter began the quest for the Orb.
     0 | D:1      | Reached XP level 1. HP: 16/16 MP: 1/1
   577 | D:1      | Found Busojo's Book Emporium.
   969 | D:2      | Noticed Sigmund
  1021 | D:2      | Reached skill level 4 in Ranged Weapons
  1021 | D:2      | Reached XP level 2. HP: 22/22 MP: 2/2
  1206 | D:2      | Reached XP level 3. HP: 27/27 MP: 3/3
  1449 | D:2      | Reached skill level 5 in Ranged Weapons
  1492 | D:2      | Reached XP level 4. HP: 33/33 MP: 4/4
  2169 | D:3      | Found a faded altar of an unknown god.
  2573 | D:4      | You fall into a shaft and drop 1 floor!
  2573 | D:5      | Entered Level 5 of the Dungeon
  2578 | D:5      | Found Xefaxt's Book Shoppe.
  2578 | D:5      | Found Egakauk's Antique Weapon Shoppe.
  2582 | D:5      | Found Poxuafoc's Assorted Antiques.
  2589 | D:5      | Found Afuhiq's Assorted Antiques.
  2598 | D:5      | Reached XP level 5. HP: 38/38 MP: 5/5
  2604 | D:5      | Reached skill level 6 in Ranged Weapons
  2690 | D:5      | Bought a scroll labelled ATUXOO SAKERR for 20 gold pieces
  2690 | D:5      | Bought a scroll labelled QAOMNOT HAUCW for 20 gold pieces
  2690 | D:5      | Bought a scroll labelled JURAKE PAFOIJO for 20 gold pieces
  2694 | D:5      | Bought a scroll labelled CUYPEN QYUV for 22 gold pieces
  2694 | D:5      | Bought a scroll labelled RICKEBB APOSA for 22 gold pieces
  2694 | D:5      | Bought a scroll labelled QOMETA RODDAPU for 22 gold pieces
  2694 | D:5      | Bought a scroll labelled ABLAIPPUZI for 22 gold pieces
  2694 | D:5      | Bought a scroll labelled CUYPEN QYUV for 22 gold pieces
  2733 | D:5      | Noticed a phantom
  2738 | D:5      | Killed a phantom
  2739 | D:5      | Reached XP level 6. HP: 44/44 MP: 6/6
  2808 | D:5      | Found a snail-covered altar of Cheibriados.
  2894 | D:5      | Found a burning altar of Makhleb.
  3015 | D:5      | Reached skill level 7 in Ranged Weapons
  3072 | D:4      | Found a sparkling altar of Nemelex Xobeh.
  3091 | D:4      | Found a hazy altar of Hepliaklqana.
  3223 | D:4      | Reached XP level 7. HP: 38/50 MP: 7/7
  4060 | D:5      | Noticed Pikel
  4090 | D:5      | Killed Pikel
  4091 | D:5      | Reached skill level 9 in Ranged Weapons
  4091 | D:5      | Reached XP level 8. HP: 54/56 MP: 8/8
  4527 | D:6      | Reached skill level 10 in Ranged Weapons
  5346 | D:7      | Reached XP level 9. HP: 33/61 MP: 9/9
  5500 | D:7      | Found a staircase to the Ecumenical Temple.
  5506 | Temple   | Entered the Ecumenical Temple
  5574 | D:7      | Noticed Maurice
  5579 | D:7      | Killed Maurice
  5580 | D:7      | Reached skill level 11 in Ranged Weapons
  5749 | D:7      | Reached skill level 12 in Ranged Weapons
  6584 | D:8      | Noticed a hornet
  6591 | D:8      | Killed a hornet
  6943 | D:8      | Reached skill level 13 in Ranged Weapons
  6951 | D:8      | Reached XP level 10. HP: 60/67 MP: 10/10
  7274 | D:8      | Found a bloodstained altar of Trog.
  7542 | D:9      | Found Wuves's General Store.
  7546 | D:9      | Bought a scroll of teleportation for 51 gold pieces
  7665 | D:9      | Noticed a kobold demonologist
  7684 | D:8      | Killed a kobold demonologist
  7736 | D:9      | Paralysed by a hornet for 1 turns
  7741 | D:9      | Paralysed by a hornet for 3 turns
  7746 | D:9      | Reached skill level 14 in Ranged Weapons
  7754 | D:8      | HP: 3/67 [poisoned by a hornet]
  7979 | D:8      | HP: 3/67 [poisoned by a kobold brigand (curare-tipped
                  | dart)]
  8191 | D:9      | Noticed a kobold demonologist
  8210 | D:9      | Killed a kobold demonologist
  8265 | D:9      | Found a transporter.
  8265 | D:9      | Noticed a two-headed ogre
  8266 | D:9      | Noticed pokeman's ghost (novice DEHW)
  8268 | D:9      | Identified the +4 dire flail of the Sharp God {pain, ^Drain
                  | rPois Will+ Int+2}
  8268 | D:9      | Noticed a two-headed ogre
  8268 | D:9      | Noticed a two-headed ogre
  8356 | D:9      | Noticed a kobold demonologist
  8386 | D:8      | Killed a kobold demonologist
  8571 | D:9      | Found a staircase to the Lair.
  8591 | D:9      | Noticed Maggie
  8601 | D:9      | Killed Maggie
  8647 | D:9      | Found an iron altar of Okawaru.
  8657 | D:9      | Became a worshipper of Warmaster Okawaru
  8790 | D:9      | Reached XP level 11. HP: 75/75 MP: 11/11
  8810 | D:9      | Reached skill level 1 in Invocations
  8917 | D:9      | Found a staircase to the Orcish Mines.
  9012 | D:10     | Entered Level 10 of the Dungeon
  9012 | D:10     | Noticed Gastronok
  9354 | D:10     | Noticed Erica
  9360 | D:9      | Identified 3 scrolls of acquirement
  9360 | D:9      | Acquired a +5 sling
  9362 | D:9      | Acquired a manual of Fighting
  9364 | D:9      | Acquired 879 gold pieces
  9690 | D:10     | Found a basalt altar of Yredelemnul.
  9708 | D:10     | Noticed a two-headed ogre
  9720 | D:10     | Killed a two-headed ogre
  9720 | D:10     | Reached * piety under Okawaru
  9766 | D:10     | Killed Erica
  9767 | D:10     | Reached skill level 5 in Fighting
  9841 | D:10     | Noticed Psyche
 10192 | D:10     | Killed Psyche
 10192 | D:10     | Reached ** piety under Okawaru
 10254 | D:10     | Found an ornate altar of the Wu Jian Council.
 10480 | D:10     | Found an opulent altar of Gozag.
 10900 | D:10     | Reached skill level 5 in Dodging
 11097 | D:11     | Noticed a two-headed ogre
 11101 | D:11     | Noticed a two-headed ogre
 11128 | D:11     | Killed a two-headed ogre
 11137 | D:11     | Killed a two-headed ogre
 11137 | D:11     | Reached *** piety under Okawaru
 11427 | D:11     | Reached XP level 12. HP: 50/94 MP: 15/15
 11637 | D:11     | Identified the +0 robe of Privacy {Int+3}
 12061 | Orc:1    | Entered Level 1 of the Orcish Mines
 12061 | Orc:1    | Noticed a two-headed ogre
 12066 | D:9      | Killed a two-headed ogre
 12125 | D:9      | Reached skill level 5 in Invocations
 12143 | D:9      | Reached **** piety under Okawaru
 12388 | D:9      | HP: 2/95 [warg (16)]
 12391 | D:9      | Slain by a warg

Illustrated notes

Levels and vault maps discovered:
D:1:      saegor_arrival_simple_e, layout_loops_corners, serial_shops,
          nicolae_shop_tiny_waterfront, dreamdust_mushroom_princess,
          minmay_misc_feat_hallway, minmay_crystal_room, chequers_avenue
D:2:      minmay_skewed_foursquare, layout_basic, kennysheep_minor_cross,
          uniq_sigmund
D:3:      layout_loops_ring, shapermc_ecumenical_altar_acropolis
D:4:      layout_loops_ring, kennysheep_mini, nemelex_xobeh_ov_fountains_minmay,
          hangedman_abyss_or_decor_stagger
D:5:      layout_basic, kennysheep_slug_shrine, makhleb_heckhound_becter,
          minmay_shop_grid_forest, uniq_pikel
D:6:      layout_rooms, kennysheep_cluttered_room
D:7:      layout_basic, minmay_temple_entry_waves, uniq_maurice
D:8:      layout_rooms, mainiacjoe_overflow_alcove_2
D:9:      layout_rooms, okawaru_altar_gauntlet_db, hellmonk_lair_entry_icy,
          david_orc_3, serial_shops, shop, gammafunk_ghost_smash, serial_curves,
          eino_curves_01, eino_curves_03, item_on_display_b, uniq_maggie
D:10:     layout_long_grid, nzn_wu_jian_council_hall,
          mainiacjoe_overflow_alcove_1, grunt_gozag_statues, uniq_gastronok,
          uniq_psyche, uniq_erica
D:11:     layout_stronghold
Temple:   oiseaux_autumnal_temple
Orc:1:    layout_caves

Skill      XL: |  1  2  3  4  5  6  7  8  9 10 11 12 |
---------------+-------------------------------------+-----
Ranged Weapons | 4 5 6 7 9 10 13 14 | 14.8
Dodging        | 2 5 6 |  6.4
Fighting       | 3 8 9 |  9.3
Invocations    | 4 5 |  5.1
Stealth        | |  0.7

Action                     |  1- 3 |  4- 6 |  7- 9 | 10-12 || total
---------------------------+-------+-------+-------+-------++-------
  Melee: Sling             |       |       |       |     2 ||     2
   Fire: Sling             |   106 |   244 |   550 |   948 ||  1848
 Invoke: Heroism           |       |       |       |     2 ||     2
  Evoke: Wand              |       |       |    17 |     9 ||    26
    Use: Scroll            |       |     6 |     3 |    13 ||    22
         Potion            |       |       |     5 |     6 ||    11
 Armour: Leather armour    |     4 |    28 |     1 |       ||    33
         Ring mail         |       |       |   121 |   230 ||   351
  Dodge: Dodged            |    11 |    32 |    79 |   142 ||   264

Table legend: (Time is in decaauts)
 A = Elapsed time spent in this place.
 B = Non-inter-level travel time spent in this place.
 C = Inter-level travel time spent in this place.
 D = Time resting spent in this place.
 E = Time spent auto-exploring this place.
 F = Levels seen in this place.
 G = Mean time per level.
                   A        B        C        D        E       F      G
               +--------+--------+--------+--------+--------+-----+--------+
         Total |  12429 |  11986 |    443 |    469 |   9646 |  13 |  956.1 |
       Dungeon |  12399 |  11957 |    442 |    469 |   9646 |  11 | 1127.2 |
        Temple |      1 |      1 |      0 |      0 |      0 |   1 |    1.0 |
  Orcish Mines |     28 |     28 |      0 |      0 |      0 |   1 |   28.0 |
               +--------+--------+--------+--------+--------+-----+--------+

Top non-repeatable levels by time:
     D:9: 1929 daAuts
     D:7: 1481 daAuts
    D:10: 1374 daAuts
     D:8: 1197 daAuts
    D:11: 1048 daAuts
     D:2: 1039 daAuts
     D:5: 949 daAuts
     D:6: 943 daAuts
     D:1: 918 daAuts
     D:4: 889 daAuts
     D:3: 628 daAuts
   Orc:1: 28 daAuts
  Temple: 1 daAuts
